Map: [ESL] Moondance

Players

GunGFuBanDa

  • Race: Protoss Protoss
  • Spawn Location: 6:00

Reynor - Winner!

  • Race: Zerg Zerg
  • Spawn Location: 12:00

Event: DreamHack SC2 Masters 2022 Atlanta (Online)

VOD

Have the link to the VOD?

Description

Time

  • Played on: Oct. 11, 2022, 1:44 p.m.
  • Length: 18:19

All games in this series

Show
View Real Time Build Order
Export as new Build Order

GunGFuBanDa Protoss 

Build Orders: 1 Gate Expand, Oracle Opening 

Get SALT Encoding   

  12  0:00  Probe  
  13  0:12  Probe  
  14  0:20  Pylon  
  14  0:24  Probe (Chrono Boost)  
  15  0:38  Probe (Chrono Boost)  
  15  0:41  Gateway  
  16  0:46  Probe (Chrono Boost)  
  16  0:49  Assimilator  
  17  0:54  Probe  
  18  1:06  Probe  
  19  1:18  Probe  
  20  1:26  Nexus  
  20  1:36  Cybernetics Core  
  20  1:38  Probe (Chrono Boost)  
  21  1:45  Assimilator  
  21  1:48  Probe (Chrono Boost)  
  21  1:53  Pylon  
  22  1:58  Probe  
  23  2:09  Adept (Chrono Boost)  
  23  2:11  Probe  
  26  2:22  Stargate  
  26  2:23  Probe  
  27  2:32  Adept (Chrono Boost)  
  27  2:35  Probe  
  29  2:38  Warp Gate, Probe  
  30  2:47  Probe  
  30  2:50  Probe  
  32  2:53  Adept  
  33  3:00  Probe  
  33  3:02  Probe  
  33  3:07  Oracle (Chrono Boost)  
  33  3:12  Probe  
  37  3:14  Probe  
  38  3:23  Stalker  
  38  3:24  Probe  
  38  3:26  Probe  
  42  3:29  Pylon  
  42  3:36  Probe  
  42  3:38  Probe  
  44  3:46  Oracle (Chrono Boost)  
  44  3:48  Probe  
  45  3:50  Probe  
  49  3:59  Nexus  
  49  4:00  Probe  
  50  4:03  Probe  
  50  4:06  Pylon  
  51  4:16  Oracle  
  54  4:18  Pylon  
  54  4:24  Probe (Chrono Boost)  
  54  4:27  Assimilator  
  54  4:29  Probe (Chrono Boost), Assimilator  
  56  4:35  Probe (Chrono Boost)  
  56  4:38  Forge, Probe (Chrono Boost)  
  58  4:39  Probe (Chrono Boost)  
  58  4:40  Twilight Council  
  58  4:44  Zealot  
  61  4:51  Probe (Chrono Boost)  
  63  4:53  Probe (Chrono Boost)  
  64  5:00  Probe (Chrono Boost)  
  64  5:03  Probe (Chrono Boost)  
  64  5:04  Pylon  
  64  5:05  Probe (Chrono Boost)  
  65  5:09  Blink  
  65  5:12  Protoss Ground Weapons Level 1 (Chrono Boost)  
  65  5:13  Probe  
  67  5:18  Probe x2  
  69  5:25  Probe  
  68  5:30  Probe  
  68  5:31  Probe  
  68  5:32  Sentry  
  68  5:35  Gateway  
  70  5:36  Gateway  
  70  5:37  Probe, Gateway  
  71  5:43  Probe  
  71  5:44  Robotics Facility  
  71  5:47  Probe  
  73  5:50  Gateway  
  73  5:54  Gateway x2  
  73  5:56  Sentry  
  75  5:57  Pylon  
  75  5:58  Shield Battery  
  75  6:01  Probe, Pylon  
  75  6:02  Probe x2  
  78  6:04  Assimilator  
  78  6:08  Gateway, Pylon  
  78  6:20  Sentry, Probe  
  78  6:22  Probe  
  82  6:26  Probe  
  82  6:30  Pylon  
  83  6:34  Observer (Chrono Boost)  
  83  6:35  Robotics Bay  
  83  6:37  Stalker x3  
  90  6:45  Stalker x2  
  94  6:53  Immortal (Chrono Boost)  
  98  7:03  Nexus  
  98  7:04  Pylon  
  98  7:12  Stalker  
  98  7:13  Stalker x7  
  114  7:20  Probe  
  115  7:23  Colossus (Chrono Boost)  
  121  7:32  Probe, Protoss Ground Weapons Level 2 (Chrono Boost)  
  121  7:34  Shield Battery  
  121  7:36  Photon Cannon  
  122  7:39  Probe  
  122  7:43  Shield Battery  
  121  7:45  Probe  
  121  7:46  Photon Cannon  
  121  7:49  Pylon  
  122  7:56  Photon Cannon  
  122  7:57  Shield Battery  
  122  8:00  Extended Thermal Lance  
  122  8:05  Probe x2, Pylon  
  124  8:07  Colossus (Chrono Boost)  
  124  8:08  Zealot  
  124  8:09  Zealot  
  123  8:24  Stalker x2  
  124  8:27  Zealot x4  
  126  8:38  Stalker x2  
  128  8:47  Disruptor (Chrono Boost), Probe  
  128  8:48  Photon Cannon  
  130  8:55  Sentry  
  130  8:56  Stalker x2  
  130  9:02  Probe x2  
  138  9:04  Photon Cannon  
  138  9:06  Charge (Chrono Boost)  
  138  9:10  Stalker x4  
  138  9:14  Shield Battery, Probe  
  138  9:16  Assimilator  
  147  9:21  Warp Prism  
  137  9:33  Stalker x4  
  145  9:44  Stalker x2  
  137  9:50  Probe (Chrono Boost)  
  129  9:52  Probe (Chrono Boost)  
  129  9:53  Probe (Chrono Boost), Stalker x2  
  129  9:54  Protoss Ground Weapons Level 3 (Chrono Boost)  
  129  9:59  Probe (Chrono Boost)  
  127  10:03  Photon Cannon, Stalker x2  
  134  10:07  Probe (Chrono Boost)  
  134  10:08  Probe x2 (Chrono Boost)  
  134  10:12  Disruptor (Chrono Boost)  
  137  10:24  Stalker x2  
  137  10:25  Stalker  
  137  10:27  Zealot x5  
  150  10:40  Pylon  
  136  10:51  Zealot x7  
  136  10:52  Zealot  
  145  10:59  Probe  
  145  11:01  Cybernetics Core  
  145  11:02  Probe  
  145  11:03  Probe x2  
  141  11:06  Pylon  
  129  11:15  Sentry x2  
  129  11:16  Stalker x5  
  144  11:25  Gateway  
  144  11:27  Disruptor (Chrono Boost), Pylon  
  144  11:41  Stalker x5  
  150  11:54  Stalker x3  
  150  12:01  Immortal (Chrono Boost)  
  155  12:05  Observer  
  157  12:19  Stalker x6  
  157  12:22  Pylon  
  169  12:25  Pylon  
  167  12:38  Protoss Shields Level 1 (Chrono Boost)  
  167  12:43  Templar Archives  
  164  12:45  Assimilator  
  164  12:51  Zealot x8  
  180  13:00  Gravitic Drive  
  180  13:02  Pylon  
  180  13:09  Psionic Storm  
  180  13:20  Warp Prism  
  180  13:21  High Templar  
  180  13:22  High Templar x2  
  188  13:29  Pylon  
  188  13:36  Pylon  
  188  13:37  Pylon  
  188  13:40  Pylon  
  186  14:00  Nexus  
  186  14:03  Photon Cannon  
  186  14:05  Photon Cannon, Stalker  
  186  14:08  Zealot  
  190  14:18  High Templar  
  190  14:19  Warp Prism (Chrono Boost)  
  192  14:26  Shield Battery  
  192  14:28  Shield Battery, Dark Shrine  
  192  14:29  Pylon  
  193  14:31  Probe (Chrono Boost)  
  193  14:33  Protoss Shields Level 2 (Chrono Boost)  
  193  14:37  Probe (Chrono Boost)  
  194  14:39  Protoss Air Weapons Level 1 (Chrono Boost), Fleet Beacon  
  194  14:40  Zealot x2, Probe (Chrono Boost)  
  194  14:45  Probe (Chrono Boost)  
  200  14:51  Gravitic Boosters  
  200  14:54  Photon Cannon  
  200  14:58  Photon Cannon  
  200  15:01  Photon Cannon  
  200  15:12  Shield Battery x2  
  200  15:14  Photon Cannon  
  200  15:15  Photon Cannon  
  188  15:26  Disruptor (Chrono Boost)  
  191  15:35  Zealot x4  
  199  15:47  Dark Templar x3  
  197  15:50  Photon Cannon  
  178  16:00  Observer (Chrono Boost)  
  178  16:04  Stalker x6  
  178  16:10  Gateway  
  174  16:12  Gateway  
  157  16:34  Stalker x5  
  157  16:38  Dark Shrine  
  167  16:44  Robotics Facility  
  164  16:53  Archon  
  124  17:16  Zealot x5  
  124  17:22  Probe x2  
  128  17:33  High Templar x2  
  128  17:34  Zealot  
  123  18:04  Probe  
Show
View Real Time Build Order
Export as new Build Order

Reynor Zerg - Winner!

Build Orders: Hatch First, Lurkers 

Get SALT Encoding   

  12  0:00  Drone  
  13  0:12  Overlord  
  13  0:16  Drone  
  14  0:30  Drone x2  
  16  0:42  Drone  
  17  0:54  Drone, Hatchery  
  17  0:57  Drone  
  18  1:08  Extractor  
  17  1:12  Spawning Pool  
  17  1:15  Drone  
  17  1:19  Drone  
  18  1:27  Drone  
  19  1:38  Drone  
  20  1:49  Overlord  
  20  1:59  Queen  
  22  2:05  Queen  
  22  2:06  Zergling x4  
  26  2:10  Drone  
  27  2:17  Zergling x2, Metabolic Boost  
  28  2:23  Drone  
  28  2:27  Drone  
  30  2:35  Hatchery  
  29  2:38  Zergling x2  
  29  2:40  Drone  
  31  2:46  Queen  
  31  2:49  Drone  
  34  2:52  Overlord  
  34  2:59  Drone  
  34  3:01  Drone  
  34  3:03  Spore Crawler  
  34  3:07  Drone x2  
  36  3:12  Queen  
  36  3:17  Overlord  
  38  3:21  Drone  
  38  3:22  Drone  
  38  3:25  Drone  
  41  3:27  Drone  
  41  3:29  Drone  
  41  3:32  Drone  
  44  3:39  Drone  
  44  3:40  Drone  
  46  3:41  Drone x2  
  46  3:46  Overlord  
  46  3:47  Drone  
  49  3:50  Queen  
  49  3:52  Drone  
  49  3:55  Drone  
  53  3:58  Spore Crawler  
  53  4:01  Spore Crawler, Drone  
  52  4:05  Drone x2  
  55  4:10  Drone  
  55  4:11  Spore Crawler  
  55  4:14  Drone  
  55  4:16  Queen  
  55  4:18  Drone  
  55  4:19  Drone  
  55  4:21  Drone  
  58  4:24  Overlord  
  58  4:26  Zergling x2  
  58  4:30  Drone  
  58  4:31  Drone x2  
  62  4:32  Drone  
  62  4:35  Drone x2  
  65  4:41  Drone, Roach Warren  
  65  4:43  Drone  
  66  4:46  Drone, Evolution Chamber  
  66  4:47  Drone  
  66  4:48  Drone  
  66  4:50  Drone  
  66  4:52  Overlord  
  69  4:55  Drone x2  
  69  4:58  Drone x2  
  69  4:59  Drone  
  74  5:02  Lair  
  74  5:04  Overlord  
  74  5:09  Overlord  
  74  5:11  Zerg Missile Weapons Level 1  
  74  5:12  Drone x3  
  77  5:14  Drone  
  77  5:17  Drone x2  
  80  5:26  Overlord  
  80  5:27  Spore Crawler, Drone x2  
  79  5:30  Drone x4  
  79  5:33  Drone x2  
  85  5:39  Extractor  
  85  5:40  Drone x3  
  85  5:41  Drone x2, Overlord  
  89  5:43  Extractor  
  89  5:47  Extractor  
  87  5:55  Hatchery  
  86  5:57  Drone  
  86  5:58  Extractor, Overlord  
  86  5:59  Extractor  
  86  6:02  Overseer  
  86  6:03  Glial Reconstitution  
  85  6:04  Drone  
  85  6:05  Queen  
  85  6:09  Overlord  
  88  6:18  Drone x3  
  88  6:19  Drone x6  
  88  6:21  Overlord  
  97  6:27  Overlord  
  97  6:28  Roach  
  97  6:29  Roach x4  
  97  6:31  Roach  
  109  6:33  Roach x2  
  109  6:34  Roach x2  
  117  6:40  Roach  
  117  6:41  Overlord  
  117  6:45  Roach  
  117  6:46  Pneumatized Carapace  
  121  6:49  Roach x3  
  121  6:52  Roach x3  
  133  6:56  Roach x2  
  133  6:58  Overlord  
  137  7:01  Overseer  
  137  7:03  Roach x4  
  137  7:05  Spore Crawler  
  146  7:10  Roach x3, Extractor  
  146  7:14  Overlord  
  149  7:17  Zerg Missile Weapons Level 2  
  149  7:19  Roach x3  
  149  7:20  Roach x3  
  149  7:22  Overlord  
  159  7:26  Overlord  
  159  7:33  Roach  
  159  7:36  Roach x3  
  167  7:43  Roach x4  
  175  7:46  Ravager x3  
  175  7:47  Zergling x8  
  175  7:49  Overlord  
  181  7:52  Roach x2  
  181  7:54  Overlord  
  184  8:01  Tunneling Claws  
  184  8:02  Burrow  
  184  8:05  Overlord  
  184  8:07  Zergling x16  
  190  8:14  Roach x3  
  190  8:17  Roach  
  190  8:19  Roach x3  
  188  8:20  Roach  
  188  8:21  Ravager x2  
  188  8:23  Zergling x6, Roach x2  
  190  8:28  Roach  
  190  8:29  Roach x2  
  190  8:33  Roach x3  
  190  8:35  Roach  
  190  8:37  Queen  
  190  8:40  Drone  
  189  8:43  Roach x3  
  189  8:47  Roach  
  189  8:48  Roach x2  
  199  8:52  Roach  
  192  8:57  Infestation Pit  
  192  8:59  Roach  
  192  9:00  Roach x4  
  200  9:13  Spine Crawler  
  200  9:15  Spine Crawler  
  200  9:16  Extractor  
  197  9:23  Roach x2  
  176  9:32  Roach  
  176  9:34  Roach x11  
  192  9:43  Roach x6  
  192  9:44  Roach x7  
  186  9:47  Roach x6  
  186  9:48  Roach x2  
  186  9:49  Roach x2  
  166  9:57  Roach x2  
  166  9:59  Ravager x2  
  168  10:00  Roach x2  
  168  10:01  Roach x2  
  168  10:04  Ravager x4  
  176  10:07  Roach x2  
  176  10:11  Drone x2, Ravager x2  
  182  10:14  Roach x9  
  182  10:17  Hatchery  
  182  10:18  Roach x2  
  182  10:20  Drone  
  182  10:21  Drone, Hive  
  182  10:23  Roach x8  
  182  10:28  Hydralisk Den  
  180  10:29  Drone x4, Roach x2  
  180  10:33  Overlord  
  182  10:39  Roach x4  
  182  10:40  Roach x2  
  172  10:50  Roach x2  
  172  10:51  Roach x7  
  172  10:54  Roach x3  
  183  10:57  Roach x2  
  183  10:58  Roach x3  
  183  11:03  Overseer  
  184  11:08  Drone x3  
  184  11:09  Drone x3  
  186  11:12  Roach  
  186  11:13  Roach  
  190  11:19  Roach x2  
  190  11:23  Drone x2  
  190  11:24  Roach x2, Lurker Den  
  193  11:27  Drone x4  
  193  11:28  Drone x2  
  193  11:30  Overlord  
  199  11:39  Extractor  
  198  11:40  Spine Crawler  
  198  11:44  Spine Crawler  
  198  11:46  Spine Crawler, Viper  
  198  11:48  Zerg Missile Weapons Level 3  
  198  11:49  Spine Crawler  
  198  11:52  Viper x2  
  196  11:59  Roach x12  
  194  12:06  Adrenal Glands  
  194  12:08  Evolution Chamber  
  194  12:13  Hydralisk x3  
  193  12:17  Spine Crawler x2  
  193  12:18  Spine Crawler  
  190  12:24  Seismic Spines  
  190  12:27  Roach x12  
  188  12:42  Lurker x3  
  188  12:43  Hydralisk x4  
  199  12:52  Overseer  
  199  12:54  Zerg Melee Weapons Level 1  
  199  12:55  Drone  
  199  12:56  Spire  
  197  13:13  Hatchery  
  197  13:19  Lurker x4  
  200  13:21  Roach x11  
  200  13:22  Spore Crawler  
  200  13:24  Spore Crawler  
  200  13:25  Spore Crawler  
  195  13:30  Overseer  
  187  14:05  Hydralisk x3  
  187  14:06  Hydralisk x2  
  197  14:11  Zerg Flyer Weapons Level 1  
  197  14:15  Roach x2  
  197  14:24  Adaptive Talons  
  179  14:25  Zerg Ground Armor Level 1  
  179  14:26  Hydralisk x5  
  179  14:30  Nydus Network  
  188  14:32  Lurker x4  
  188  14:33  Lurker  
  191  14:50  Roach x8  
  187  14:53  Hydralisk x5  
  187  14:56  Lurker  
  187  14:58  Lurker x4  
  198  15:07  Drone x6  
  190  15:21  Viper x3  
  190  15:22  Extractor  
  190  15:24  Extractor  
  197  15:28  Nydus Canal  
  197  15:36  Hydralisk  
  197  15:38  Overseer  
  186  15:45  Hydralisk x7  
  191  15:53  Hydralisk x4  
  199  15:58  Hydralisk x4  
  199  15:59  Hydralisk x2  
  196  16:05  Overseer  
  196  16:07  Lurker x3  
  196  16:08  Lurker  
  200  16:18  Overlord  
  200  16:23  Nydus Canal  
  200  16:25  Overlord  
  195  16:36  Hydralisk  
  195  16:37  Zergling x2  
  198  16:40  Overlord  
  198  16:43  Overlord  
  198  16:52  Hydralisk x2  
  198  16:53  Zergling x24  
  196  16:57  Hatchery  
  196  17:01  Hydralisk x6  
  180  17:04  Zergling x16  
  200  17:22  Drone x5  
  192  17:23  Drone  
  192  17:27  Spore Crawler, Spine Crawler  
  192  17:28  Spine Crawler  
  192  17:29  Lurker x3, Hydralisk, Spine Crawler  
  186  17:30  Zergling x6, Hydralisk  
  186  17:31  Zergling x4  
  186  17:34  Spine Crawler  
  186  17:35  Overseer  
  194  17:41  Zergling x22  
  197  17:46  Hydralisk  
  197  17:47  Zergling x8  
  197  17:50  Hydralisk  
  197  17:51  Zergling x2  
  193  17:59  Zergling x14  
Tags
 
Add a new tag
Caveats
  • Supply blocks, unpowered buildings, or Contaminate may cause inaccurate times.
  • Supply counts are checked every 10 seconds.